 Dungeon Crawl Stone Soup version 0.25-a0-1024-gbfbf38f2cb (webtiles) character file.

Game seed: 232286107591327428, levelgen mode: deterministic

60 tilp the Skirmisher (level 4, -4/29 HPs)
             Began as a Kobold Arcane Marksman on May 12, 2020.
             Slain by a gnoll
             ... wielding a +0 club
              (7 damage)
             ... on level 2 of the Dungeon.
             The game lasted 00:03:21 (1382 turns).

tilp the Skirmisher (Kobold Arcane Marksman)        Turns: 1382, Time: 00:03:22

Health: -4/29      AC:  2    Str:  8    XL:     4   Next: 24%
Magic:  3/5        EV: 15    Int: 14    God:
Gold:   40         SH:  0    Dex: 15    Spells: 2/5 levels left

rFire    . . .     SeeInvis .   a - +0 hand crossbow
rCold    . . .     Gourm    .   (shield restricted)
rNeg     . . .     Faith    .   e - +0 robe
rPois    .         Spirit   .   (no helmet)
rElec    .         Reflect  .   (no cloak)
rCorr    .         Harm     .   (no gloves)
MR       .....                  (no boots)
Stlth    +.........             (no amulet)
HPRegen  0.09/turn              (no ring)
MPRegen  0.09/turn              (no ring)

@: no status effects
A: small, carnivore
a: no special abilities


You were on level 2 of the Dungeon.
You were very full.

You visited 1 branch of the dungeon, and saw 2 of its levels.

You collected 40 gold pieces.

Inventory:

Hand Weapons
 a - a +0 hand crossbow (weapon)
 b - a +0 mace
Missiles
 d - 7 bolts (quivered)
 f - 4 boomerangs
Armour
 e - a +0 robe (worn)
Scrolls
 g - a scroll of magic mapping {unknown}
 h - a scroll of identify
 i - 2 scrolls of remove curse
 j - a scroll of blinking {unknown}
Potions
 k - 2 potions of curing
 m - a potion of haste {unknown}
Comestibles
 c - 3 rations
 l - 2 chunks of flesh


   Skills:
 - Level 4.0 Fighting
 - Level 2.4 Crossbows
 - Level 2.4 Dodging
 + Level 1.2 Spellcasting
 + Level 3.1 Hexes


You had 2 spell levels left.
You knew the following spells:

 Your Spells              Type           Power        Failure   Level  Hunger
a - Corona                Hex            #......      7%          1    ##.....
b - Slow                  Hex            #.......     11%         2    ###....

Your spell library contained the following spells:

 Spells                   Type           Power        Failure   Level  Hunger
 Inner Flame              Hex/Fire       #.......     38%         3    ####...
 Portal Projectile        Hex/Tloc       #.....       38%         3    ####...
 Cause Fear               Hex            #.........   56%         4    #####..
 Leda's Liquefaction      Hex/Erth       #.........   80%         4    #####..


Dungeon Overview and Level Annotations

Branches:
Dungeon (2/15)

Altars:
Wu Jian


Innate Abilities, Weirdness & Mutations

You are small and have problems with some larger weapons.
You are carnivorous and can eat meat at any time.


Message History

Firing (i - inventory. (/) - cycle)
d - 10 bolts (quivered)
Press: ? - help, Shift-Dir - straight line, f/p - gnoll
Aim: a gnoll, wielding a +0 club (moderately wounded, softly glowing)
You shoot a bolt. The bolt hits the gnoll.
The gnoll is heavily wounded.
The gnoll hits you with a +0 club.
* * * LOW HITPOINT WARNING * * *
Firing (i - inventory. (/) - cycle)
d - 9 bolts (quivered)
Press: ? - help, Shift-Dir - straight line, f/p - gnoll
Aim: a gnoll, wielding a +0 club (heavily wounded, softly glowing)
You shoot a bolt.
The bolt hits the gnoll but does no damage.
The gnoll is heavily wounded.
The gnoll completely misses you.
Firing (i - inventory. (/) - cycle)
d - 8 bolts (quivered)
Press: ? - help, Shift-Dir - straight line, f/p - gnoll
Aim: a gnoll, wielding a +0 club (heavily wounded, softly glowing)
You shoot a bolt. The bolt completely misses the gnoll.
The gnoll hits you with a +0 club!
You die...

## ###
.############ ..
....<.......# #.#
.#########..#
##!.# ## #.## #..#
# #.# #@# ## #.#
#g# .## ##<# #)#
..# #..# ##.# #.#
##.## #.(# #.###
#..# #..# #...##
#.## ####.#.#
###).#
#.####..._..#
##.###.##...##.###


You could see a gnoll (corona).

Vanquished Creatures
  2 gnolls (D:2)
  An adder (D:2)
  A worm (D:2)
  A dart slug (D:2)
  A leopard gecko (D:1)
  3 giant cockroaches
  3 goblins
  2 hobgoblins (D:1)
  3 jackals (D:1)
  3 bats
  3 kobolds (D:1)
  3 rats
26 creatures vanquished.

Notes
Turn   | Place    | Note
-------+----------+-------------------------------------------
     0 | D:1      | tilp the Kobold Arcane Marksman began the quest for the
                  | Orb.
     0 | D:1      | Reached XP level 1. HP: 12/12 MP: 2/2
   386 | D:1      | Reached skill level 2 in Fighting
   404 | D:1      | Reached XP level 2. HP: 17/17 MP: 1/3
   408 | D:1      | Learned a level 2 spell: Slow
   943 | D:2      | Reached skill level 3 in Fighting
   943 | D:2      | Reached XP level 3. HP: 23/23 MP: 4/4
  1349 | D:2      | Found an ornate altar of the Wu Jian Council.
  1360 | D:2      | Reached XP level 4. HP: 29/29 MP: 3/5
  1370 | D:2      | Reached skill level 4 in Fighting
  1382 | D:2      | Slain by a gnoll

Illustrated notes

Levels and vault maps discovered:
D:1:      saegor_arrival_miasma, layout_loops_ring, st_stairs_7,
          hangedman_decor_push, ebering_dispersal_statue_hall,
          minmay_statues_item, minmay_tall_x
D:2:      layout_rooms, lemuel_crystal_altar, first_ration, uniq_robin

Skill      XL: |  1  2  3  4 |
---------------+-------------+-----
Fighting       | 2 3 4 |  4.0
Crossbows      | |  2.4
Dodging        | |  2.4
Spellcasting   | |  1.2
Hexes          | |  3.1

Action                   |  1- 3 |  4- 6 || total
-------------------------+-------+-------++-------
Melee: Mace              |    40 |     6 ||    46
 Fire: Hand crossbow     |    32 |     6 ||    38
 Cast: Corona            |    17 |     2 ||    19
       Slow              |     1 |       ||     1
  Use: Scroll            |     2 |       ||     2
 Stab: Sleeping          |     3 |       ||     3
  Eat: Chunk             |    10 |       ||    10
Armor: Robe              |     5 |     1 ||     6
Dodge: Dodged            |    48 |     4 ||    52

Table legend:
 A = Non-vault XP
 B = Vault XP
 C = Vault XP percentage of total XP
 D = Non-vault monster count
 E = Vault monster count
 F = Vault count percentage of total count
                 A         B        C        D         E       F
            +---------+---------+-------+---------+---------+-------
      Total |      77 |       9 |  10.5 |      21 |       5 |  19.2
            +---------+---------+-------+---------+---------+-------
        D:1 |      19 |       9 |  32.1 |      11 |       5 |  31.2
        D:2 |      58 |       0 |   0.0 |      10 |       0 |   0.0
            +---------+---------+-------+---------+---------+-------
